PBL
JOPLIN BLASTERS @ COLORADO AVALANCHE
08/23/2045
 
TOP OF THE 1ST
Joplin Blasters batting - Pitching for Colorado Avalanche : RHP Jalen Young
Pitching: RHP Jalen Young
Batting: RHB Dave Saldana 0-0: Ball
1-0: Ground out 6-3 (Groundball, 6, EV 104.4 MPH)
Batting: RHB Kevin Wimberly 0-0: Foul Ball, location: 2F
0-1: Swinging Strike
0-2: Foul Ball, location: 2F
0-2: Strikes out swinging
Batting: RHB Bobby Matyas 0-0: Called Strike
0-1: Ball
1-1: Swinging Strike
1-2: Foul Ball, location: 2F
1-2: Ball
2-2: Ball
3-2: SINGLE (Groundball, 4MD, EV 103.1 MPH)
Batting: LHB Mike Bhatti 0-0: Ball
1-0: Called Strike
Bobby Matyas steals 2nd base
1-1: Ball
2-1: Fly out, F6 (Line Drive, 6, EV 65.6 MPH)
Top of the 1st over - 0 runs, 1 hit, 0 errors, 1 left on base; Joplin 0 - Colorado 0
BOTTOM OF THE 1ST
Colorado Avalanche batting - Pitching for Joplin Blasters : LHP Brett Reed
Pitching: LHP Brett Reed
Batting: SHB Jamie Mims 0-0: Called Strike
0-1: Ball
1-1: Ball
2-1: Foul Ball, location: 2F
2-2: Foul Ball, location: 2F
2-2: Ball
3-2: Base on Balls
Batting: RHB Chris Osting 0-0: Called Strike
0-1: Ball
1-1: Called Strike
1-2: Foul Ball, location: 2F
1-2: Ball
2-2: 2-RUN HOME RUN (Flyball, 7D, EV 98.1 MPH), Distance : 394 ft
Batting: RHB Zakhar Edelman 0-0: Ball
1-0: Ball
2-0: Foul Ball, location: 2F
2-1: Ball
3-1: Base on Balls
Batting: RHB John Corfield 0-0: Ball
Balk!
Zakhar Edelman to second
1-0: Ball
2-0: Ball
3-0: Base on Balls
Batting: RHB Mike McElroy 0-0: Called Strike
0-1: Ball
1-1: Ball
2-1: Called Strike
2-2: Fly out, F7 (Flyball, 78M, EV 93.8 MPH)
Batting: RHB Wali Mulogo 0-0: Ball
1-0: Ball
2-0: Ball
3-0: Called Strike
3-1: Base on Balls
Zakhar Edelman to third
John Corfield to second
Batting: RHB Bob Hayes 0-0: Ball
1-0: Ball
2-0: Called Strike
2-1: Ball
3-1: Foul Ball, location: 2F
3-2: Strikes out swinging
Batting: RHB Maurice Moore 0-0: Foul Ball, location: 2F
0-1: Ball
1-1: Ball
2-1: Swinging Strike
2-2: Fly out, F8 (Flyball, 8RS, EV 88.8 MPH)
Bottom of the 1st over - 2 runs, 1 hit, 0 errors, 3 left on base; Joplin 0 - Colorado 2
TOP OF THE 2ND
Joplin Blasters batting - Pitching for Colorado Avalanche : RHP Jalen Young
Batting: LHB Danny Pacheco 0-0: Foul Ball, location: 2F
0-1: Foul Ball, location: 2F
0-2: Ball
1-2: Fly out, F6 (Flyball, 5D, EV 88.1 MPH)
Batting: RHB Nick Julien 0-0: Called Strike
0-1: Ball
1-1: Foul Ball, location: 2F
1-2: Strikes out looking
Batting: LHB Edgar Ortiz 0-0: Ball
1-0: Fly out, F9 (Flyball, 89D, EV 110.6 MPH)
Top of the 2nd over - 0 runs, 0 hits, 0 errors, 0 left on base; Joplin 0 - Colorado 2
BOTTOM OF THE 2ND
Colorado Avalanche batting - Pitching for Joplin Blasters : LHP Brett Reed
Batting: RHB Manny Thompson 0-0: Called Strike
0-1: Ball
1-1: Ball
2-1: Foul Ball, location: 2F
2-2: Strikes out swinging
Pitching: RHP Phil Kellum
Batting: SHB Jamie Mims 0-0: Fly out, F8 (Flyball, 78M, EV 87.5 MPH)
Batting: RHB Chris Osting 0-0: Ball
1-0: Ground out 6-3 (Groundball, 6M, EV 89.4 MPH)
Bottom of the 2nd over - 0 runs, 0 hits, 0 errors, 0 left on base; Joplin 0 - Colorado 2
TOP OF THE 3RD
Joplin Blasters batting - Pitching for Colorado Avalanche : RHP Jalen Young
Batting: SHB Bill Ertl 0-0: Foul Ball, location: 2F
0-1: DOUBLE (Line Drive, 9LS, EV 103.8 MPH)
Batting: RHB Vance Coen 0-0: Foul Ball, location: 2F
0-1: Called Strike
0-2: Ground out 6-3 (Groundball, 6, EV 80.0 MPH)
Batting: RHB Dave Saldana 0-0: Ball
1-0: Called Strike
1-1: Foul Ball, location: 2F
1-2: Fly out, F9 (Flyball, 9, EV 92.5 MPH)
Batting: RHB Kevin Wimberly 0-0: Foul Ball, location: 2F
0-1: Called Strike
0-2: Ball
1-2: Foul Ball, location: 2F
1-2: DOUBLE (Flyball, 8RXD, EV 110.6 MPH)
Bill Ertl scores
Batting: RHB Bobby Matyas 0-0: Ball
1-0: Swinging Strike
1-1: Fly out, F8 (Line Drive, 8RD, EV 86.2 MPH)
Top of the 3rd over - 1 run, 2 hits, 0 errors, 1 left on base; Joplin 1 - Colorado 2
BOTTOM OF THE 3RD
Colorado Avalanche batting - Pitching for Joplin Blasters : RHP Phil Kellum
Batting: RHB Zakhar Edelman 0-0: Ball
1-0: Ball
2-0: Swinging Strike
2-1: Called Strike
2-2: Strikes out looking
Batting: RHB John Corfield 0-0: Ball
1-0: Ground out 4-3 (Groundball, 4, EV 101.9 MPH)
Batting: RHB Mike McElroy 0-0: Ball
1-0: Ball
2-0: Ball
3-0: Base on Balls
Batting: RHB Wali Mulogo 0-0: Ball
1-0: Called Strike
1-1: Ball
2-1: Foul Ball, location: 2F
2-2: 2-RUN HOME RUN (Flyball, 78XD, EV 111.2 MPH), Distance : 439 ft
Batting: RHB Bob Hayes 0-0: Ball
1-0: Called Strike
1-1: Ball
2-1: Called Strike
2-2: Foul Ball, location: 2F
2-2: Reached on error, E6 (Groundball, 6, EV 104.4 MPH)
Batting: RHB Maurice Moore 0-0: Ball
1-0: Called Strike
1-1: Swinging Strike
1-2: Strikes out looking
Bottom of the 3rd over - 2 runs, 1 hit, 1 error, 1 left on base; Joplin 1 - Colorado 4
TOP OF THE 4TH
Joplin Blasters batting - Pitching for Colorado Avalanche : RHP Jalen Young
Batting: LHB Mike Bhatti 0-0: Called Strike
0-1: Ball
1-1: Foul Ball, location: 2F
1-2: Fly out, F8 (Flyball, 8LS, EV 87.5 MPH)
Batting: LHB Danny Pacheco 0-0: Ball
1-0: Fly out, F8 (Flyball, 8RM, EV 81.9 MPH)
Batting: RHB Nick Julien 0-0: Fly out, F4 (Popup, 4, EV 63.1 MPH)
Top of the 4th over - 0 runs, 0 hits, 0 errors, 0 left on base; Joplin 1 - Colorado 4
BOTTOM OF THE 4TH
Colorado Avalanche batting - Pitching for Joplin Blasters : RHP Phil Kellum
Batting: RHB Manny Thompson 0-0: SINGLE (Groundball, 3D, EV 109.4 MPH)
Batting: SHB Jamie Mims 0-0: Fielders Choice at 2nd, 3-6 (Groundball, 34, EV 100.6 MPH)
Batting: RHB Chris Osting 0-0: 2-RUN HOME RUN (Flyball, 7D, EV 95.6 MPH), Distance : 389 ft
Pitching: RHP Chance Griffin
Batting: RHB Zakhar Edelman 0-0: Ball
1-0: Foul Ball, location: 2F
1-1: Ball
2-1: Called Strike
2-2: Foul Ball, location: 2F
2-2: Foul Ball, location: 2F
2-2: Ball
3-2: Foul Ball, location: 2F
3-2: Strikes out swinging
Batting: RHB John Corfield 0-0: Ball
1-0: Ball
2-0: Called Strike
2-1: Foul Ball, location: 2F
2-2: Hit by Pitch
Batting: RHB Mike McElroy 0-0: Called Strike
0-1: Ball
1-1: Swinging Strike
1-2: Ball
2-2: Ball
3-2: Fly out, F9 (Flyball, 9LS, EV 90.6 MPH)
Bottom of the 4th over - 2 runs, 2 hits, 0 errors, 1 left on base; Joplin 1 - Colorado 6
TOP OF THE 5TH
Joplin Blasters batting - Pitching for Colorado Avalanche : RHP Jalen Young
Batting: LHB Edgar Ortiz 0-0: Ball
1-0: Ground out 4-3 (Groundball, 4, EV 86.2 MPH)
Batting: SHB Bill Ertl 0-0: Foul Ball, location: 2F
0-1: Ball
1-1: Ground out 6-3 (Groundball, P, EV 88.8 MPH)
Batting: RHB Vance Coen 0-0: Ball
1-0: Swinging Strike
1-1: Foul Ball, location: 2F
1-2: DOUBLE (Flyball, 8RD, EV 101.9 MPH)
Batting: RHB Dave Saldana 0-0: Ball
1-0: Ball
2-0: Ball
3-0: Base on Balls
Batting: RHB Kevin Wimberly 0-0: Foul Ball, location: 2F
0-1: Ball
1-1: Foul Ball, location: 2F
1-2: Ball
2-2: Ball
3-2: DOUBLE (Line Drive, 8RXD, EV 104.4 MPH)
Vance Coen scores
Dave Saldana to third
Dave Saldana scores
Batting: RHB Bobby Matyas 0-0: Ball
1-0: Called Strike
1-1: Ball
2-1: Ball
3-1: Base on Balls
Batting: LHB Mike Bhatti 0-0: Fielders Choice at 2nd, 6-4 (Groundball, 6MD, EV 108.1 MPH)
Top of the 5th over - 2 runs, 2 hits, 0 errors, 2 left on base; Joplin 3 - Colorado 6
BOTTOM OF THE 5TH
Colorado Avalanche batting - Pitching for Joplin Blasters : RHP Chance Griffin
Batting: RHB Wali Mulogo 0-0: Ball
1-0: Called Strike
1-1: Foul Ball, location: 2F
1-2: Ball
2-2: Foul Ball, location: 2F
2-2: Ball
3-2: Fly out, F9 (Flyball, 9LM, EV 98.1 MPH)
Batting: RHB Bob Hayes 0-0: Fly out, F9 (Flyball, 89M, EV 85.0 MPH)
Batting: RHB Maurice Moore 0-0: Called Strike
0-1: Ball
1-1: Foul Ball, location: 2F
1-2: Ball
2-2: Strikes out swinging
Bottom of the 5th over - 0 runs, 0 hits, 0 errors, 0 left on base; Joplin 3 - Colorado 6
TOP OF THE 6TH
Joplin Blasters batting - Pitching for Colorado Avalanche : RHP Jalen Young
Batting: LHB Danny Pacheco 0-0: Ball
1-0: Foul Ball, location: 2F
1-1: Ball
2-1: Reached on error, E5 (Groundball, 56, EV 107.5 MPH)
Batting: RHB Nick Julien 0-0: Ball
1-0: Ball
2-0: Called Strike
Danny Pacheco steals 2nd base
2-1: Foul Ball, location: 2F
2-2: Ball
3-2: Base on Balls
Batting: LHB Edgar Ortiz 0-0: Ball
1-0: Ball
2-0: Swinging Strike
2-1: Ball
3-1: Called Strike
3-2: Foul Ball, location: 2F
3-2: Foul Ball, location: 2F
3-2: Foul Ball, location: 2F
3-2: DOUBLE (Groundball, 5L, EV 106.9 MPH)
Danny Pacheco scores
Nick Julien to third
Runner from 3rd tries for Home, SAFE, throw by LF to home
Batting: SHB Bill Ertl 0-0: Ball
1-0: Called Strike
1-1: Ball
2-1: Foul Ball, location: 2F
2-2: Strikes out swinging
Batting: RHB Vance Coen 0-0: Ball
1-0: Called Strike
1-1: SINGLE (Groundball, 56, EV 78.1 MPH) (infield hit)
Edgar Ortiz to third
Batting: RHB Dave Saldana 0-0: Foul Ball, location: 2F
0-1: Ball
1-1: Ball
2-1: Fly out, F6 (Flyball, 56D, EV 92.5 MPH)
Batting: RHB Kevin Wimberly 0-0: Foul Ball, location: 2F
0-1: Ball
1-1: Ball
2-1: Fly out, F7 (Flyball, 78M, EV 80.6 MPH)
Top of the 6th over - 2 runs, 2 hits, 1 error, 2 left on base; Joplin 5 - Colorado 6
BOTTOM OF THE 6TH
Colorado Avalanche batting - Pitching for Joplin Blasters : RHP Chance Griffin
Batting: RHB Manny Thompson 0-0: Ball
1-0: Called Strike
1-1: Ball
2-1: Ground out 4-3 (Groundball, 4, EV 85.6 MPH)
Batting: SHB Jamie Mims 0-0: Fly out, F8 (Flyball, 8LS, EV 78.1 MPH)
Pitching: RHP Brett Essary
Batting: RHB Chris Osting 0-0: Foul Ball, location: 2F
0-1: Ball
1-1: Foul Ball, location: 2F
1-2: Strikes out swinging
Bottom of the 6th over - 0 runs, 0 hits, 0 errors, 0 left on base; Joplin 5 - Colorado 6
TOP OF THE 7TH
Joplin Blasters batting - Pitching for Colorado Avalanche : RHP Jalen Young
Pitching: RHP Jim Crooks
Batting: RHB Bobby Matyas 0-0: Ground out 5-3 (Groundball, 56S, EV 68.1 MPH)
Batting: LHB Mike Bhatti 0-0: Foul Ball, location: 2F
0-1: Ball
1-1: Ball
2-1: Ball
3-1: Base on Balls
Batting: LHB Danny Pacheco 0-0: Fly out, F7 (Flyball, 7, EV 89.4 MPH)
Batting: RHB Nick Julien 0-0: Fly out, F8 (Flyball, 8RM, EV 95.6 MPH)
Top of the 7th over - 0 runs, 0 hits, 0 errors, 1 left on base; Joplin 5 - Colorado 6
BOTTOM OF THE 7TH
Colorado Avalanche batting - Pitching for Joplin Blasters : RHP Brett Essary
Batting: RHB Zakhar Edelman 0-0: Called Strike
0-1: Swinging Strike
0-2: Ball
1-2: Strikes out swinging
Batting: RHB John Corfield 0-0: Ball
1-0: Swinging Strike
1-1: Swinging Strike
1-2: Ball
2-2: Ball
3-2: Base on Balls
Pinch Hitting: LHB Luke Coulter 0-0: Fly out, F7 (Line Drive, 7, EV 105.6 MPH)
Batting: LHB Michael Krott 0-0: Foul Ball, location: 2F
0-1: Ball
1-1: Foul Ball, location: 9LSF, Error on foul ball, E9
1-2: Ball
2-2: Ball
3-2: Ground out U3 (Groundball, 3L, EV 104.4 MPH)
Bottom of the 7th over - 0 runs, 0 hits, 1 error, 1 left on base; Joplin 5 - Colorado 6
TOP OF THE 8TH
Joplin Blasters batting - Pitching for Colorado Avalanche : RHP Jim Crooks
Now at 1B: Ray Insley
Now at 3B: Kevin Tangeman
Now in LF: Zakhar Edelman
Now in RF: Nick Martin
Batting: LHB Edgar Ortiz 0-0: Ball
1-0: Foul Ball, location: 2F
1-1: Ball
2-1: Ball
3-1: Base on Balls
Batting: SHB Bill Ertl 0-0: Ball
1-0: Swinging Strike
1-1: Ball
2-1: Grounds into double play, 5-4-3 (Groundball, 5, EV 87.5 MPH)
Batting: RHB Vance Coen 0-0: Ball
1-0: Fly out, F6 (Popup, 56D, EV 51.9 MPH)
Top of the 8th over - 0 runs, 0 hits, 0 errors, 0 left on base; Joplin 5 - Colorado 6
BOTTOM OF THE 8TH
Colorado Avalanche batting - Pitching for Joplin Blasters : RHP Brett Essary
Pitching: RHP Nam Phong
Pinch Hitting: LHB Harry Folsom 0-0: Ball
1-0: Ball
2-0: Called Strike
2-1: Reached on error, E5 (Groundball, 5, EV 86.9 MPH)
Batting: RHB Maurice Moore 0-0: Intentional Walk
Batting: RHB Manny Thompson 0-0: Called Strike
0-1: Fly out, F9 (Flyball, 89M, EV 87.5 MPH)
Batting: SHB Jamie Mims 0-0: Foul Ball, location: 2F
0-1: Swinging Strike
0-2: Foul Ball, location: 2F
0-2: Fielders Choice at 2nd, 4-6 (Groundball, 4, EV 88.8 MPH)
Harry Folsom to third
Batting: RHB Ray Insley 0-0: Foul Ball, location: 2F
0-1: Fly out, F7 (Flyball, 7S, EV 86.9 MPH)
Bottom of the 8th over - 0 runs, 0 hits, 1 error, 2 left on base; Joplin 5 - Colorado 6
TOP OF THE 9TH
Joplin Blasters batting - Pitching for Colorado Avalanche : RHP Jim Crooks
Pitching: RHP Josh Blaschke
Now at SS: Craig Ruzic
Batting: RHB Dave Saldana 0-0: Called Strike
0-1: Ball
1-1: Called Strike
1-2: SINGLE (Groundball, 25, EV 69.4 MPH) (infield hit)
Batting: RHB Kevin Wimberly 0-0: Ball
1-0: Bunt - Flyout to 13S! F1
Batting: RHB Bobby Matyas 0-0: Called Strike
0-1: Ball
1-1: SINGLE (Groundball, 6MS, EV 85.6 MPH) (infield hit)
Dave Saldana to second
Batting: LHB Mike Bhatti 0-0: Ball
1-0: Ball
2-0: Ball
3-0: Base on Balls
Dave Saldana to third
Bobby Matyas to second
Batting: LHB Danny Pacheco 0-0: Called Strike
0-1: Hit by Pitch
Dave Saldana scores
Bobby Matyas to third
Mike Bhatti to second
Batting: RHB Nick Julien 0-0: Called Strike
0-1: Grounds into fielders choice 5-2 (Groundball, 56S, EV 70.6 MPH)
Mike Bhatti to third
Danny Pacheco to second
Batting: LHB Edgar Ortiz 0-0: Called Strike
0-1: Ball
1-1: Ball
2-1: Swinging Strike
2-2: Ball
3-2: Foul Ball, location: 2F
3-2: Ground out U3 (Groundball, 34, EV 106.2 MPH)
Top of the 9th over - 1 run, 2 hits, 0 errors, 3 left on base; Joplin 6 - Colorado 6
BOTTOM OF THE 9TH
Colorado Avalanche batting - Pitching for Joplin Blasters : RHP Nam Phong
Pinch Hitting: LHB Jason Ryan 0-0: DOUBLE (Flyball, 89XD, EV 97.5 MPH)
Pinch Hitting: LHB Nick Rooney 0-0: Foul Ball, location: 2F
0-1: DOUBLE (Line Drive, 78XD, EV 107.5 MPH)
Jason Ryan scores
Bottom of the 9th over - 1 run, 2 hits, 0 errors, 0 left on base; Joplin 6 - Colorado 7
Game Over ... Colorado defeats Joplin, 7 to 6
Wednesday, June 22nd , 2022 - OOTP Baseball 23.4 Build 64